 Dungeon Crawl Stone Soup version 0.25.0-1-g7eea58d2a3 (webtiles) character file.

Game seed: 8370172377260337438

114 Chiseanne the Covered (level 4, -4/38 HPs)
             Began as a Gnoll Wanderer on June 13, 2020.
             Blown up by Ijyb (24 damage)
             ... with a disintegration bolt
             ... on level 3 of the Dungeon.
             The game lasted 00:05:39 (1030 turns).

Chiseanne the Covered (Gnoll Wanderer)              Turns: 1030, Time: 00:05:39

Health: -4/38      AC:  6    Str: 14    XL:     4   Next: 97%
Magic:  5/5        EV: 12    Int: 15    God:
Gold:   91         SH:  0    Dex: 15    Spells: 5/5 levels left

rFire    . . .     SeeInvis .   w - +3 hand crossbow
rCold    . . .     Gourm    .   (no shield)
rNeg     . . .     Faith    .   d - +0 ring mail
rPois    .         Spirit   .   (no helmet)
rElec    .         Reflect  .   (no cloak)
rCorr    .         Harm     .   (no gloves)
MR       .....                  (no boots)
Stlth    ++........             (no amulet)
HPRegen  0.12/turn              (no ring)
MPRegen  0.09/turn              (no ring)

@: no status effects
A: distributed training, fangs 1, strong nose
a: no special abilities


You were on level 3 of the Dungeon.
You were not hungry.

You visited 1 branch of the dungeon, and saw 3 of its levels.

You collected 91 gold pieces.

Inventory:

Hand Weapons
 a - a +0 short sword
 q - a +0 hunting sling
 s - a +0 mace
 w - a +3 hand crossbow (weapon)
Missiles
 b - 13 bolts (quivered)
Armour
 d - a +0 ring mail (worn)
Scrolls
 g - a scroll of teleportation
Potions
 c - a potion of curing
 e - a potion of heal wounds
 h - a potion of might {unknown}
 l - a potion of mutation {unknown}
 m - a potion of lignification {unknown}
 n - a potion of invisibility {unknown}
Comestibles
 f - 9 rations
 i - 3 chunks of flesh


   Skills:
 + Level 4.7 Fighting
 + Level 1.2 Short Blades
 + Level 1.2 Long Blades
 + Level 1.2 Axes
 + Level 1.2 Maces & Flails
 + Level 2.8 Polearms
 + Level 1.2 Staves
 + Level 1.2 Slings
 + Level 1.2 Bows
 + Level 2.8 Crossbows
 + Level 2.8 Throwing
 + Level 4.7 Armour
 + Level 2.8 Dodging
 + Level 4.3 Stealth
 + Level 1.2 Shields
 + Level 1.2 Unarmed Combat
 + Level 1.2 Spellcasting
 + Level 1.0 Conjurations
 + Level 1.0 Hexes
 + Level 1.0 Charms
 + Level 1.0 Summonings
 + Level 1.0 Necromancy
 + Level 1.0 Translocations
 + Level 1.0 Transmutations
 + Level 1.0 Fire Magic
 + Level 1.0 Ice Magic
 + Level 1.0 Air Magic
 + Level 1.0 Earth Magic
 + Level 1.0 Poison Magic
 + Level 1.4 Invocations
 + Level 1.2 Evocations


You had 5 spell levels left.
You didn't know any spells.
Your spell library was empty.

Dungeon Overview and Level Annotations

Branches:
Dungeon (3/15)

Altars:

Annotations:
D:3 Ijyb


Innate Abilities, Weirdness & Mutations

Your experience applies equally to all skills.
You have very sharp teeth.
Your uncanny sense of smell can sniff out nearby items.


Message History

Ijyb shouts!
The bolt hits Ijyb but does no damage.
Ijyb zaps a wand.
You barely resist.
Firing (i - inventory)
b - 16 bolts (quivered)
Press: ? - help, Shift-Dir - straight line, f/p - Ijyb
Aim: Ijyb, wielding a +6 club, wearing a cursed -1 chain mail and carrying a wand of disintegration (7)
You shoot a bolt. The bolt hits Ijyb!
Ijyb is moderately wounded.
Ijyb zaps a wand.
You are blasted!
Firing (i - inventory)
b - 15 bolts (quivered)
Press: ? - help, Shift-Dir - straight line, f/p - Ijyb
Aim: Ijyb, wielding a +6 club, wearing a cursed -1 chain mail and carrying a wand of disintegration (6) (moderately wounded)
You shoot a bolt. The bolt completely misses Ijyb.
Firing (i - inventory)
b - 14 bolts (quivered)
Press: ? - help, Shift-Dir - straight line, f/p - Ijyb
Aim: Ijyb, wielding a +6 club, wearing a cursed -1 chain mail and carrying a wand of disintegration (6) (moderately wounded)
You shoot a bolt. The bolt hits Ijyb!
Ijyb is severely wounded.
Ijyb zaps a wand.
You are blasted!
Ouch! That really hurt!
You die...

.. .. #...<#.# .
..##. #.##.(.#
.....#. #.##.###
.......##....#
...##.....(##
...........#
...###...(...#.#
.....$.†..)....#
.!.##...@g..####
#......(#
%..........(...
##########.#..(
....) ###.. ∆
...


You could see Ijyb.

Vanquished Creatures
  A scorpion (D:3)
  A hound (D:2)
  A dart slug (D:1)
  2 leopard geckos (D:1)
  2 ball pythons (D:1)
  4 giant cockroaches
  2 goblins
  4 hobgoblins
  6 jackals
  A kobold (D:3)
  A bat (D:1)
  6 frilled lizards
  2 rats (D:1)
33 creatures vanquished.

Notes
Turn   | Place    | Note
-------+----------+-------------------------------------------
     0 | D:1      | Chiseanne the Gnoll Wanderer began the quest for the Orb.
     0 | D:1      | Chiseanne set off with the following items: a +2 hand
                  | crossbow, 25 bolts, a potion of curing, a +0 ring mail, a
                  | +0 dagger, a ration
     0 | D:1      | Reached XP level 1. HP: 20/20 MP: 1/1
    40 | D:1      | Reached XP level 2. HP: 26/26 MP: 2/2
   375 | D:1      | Reached XP level 3. HP: 31/31 MP: 3/3
   779 | D:3      | Noticed a scorpion
   784 | D:3      | Killed a scorpion
   784 | D:3      | Reached skill level 1 in Short Blades
   784 | D:3      | Reached skill level 1 in Long Blades
   784 | D:3      | Reached skill level 1 in Axes
   784 | D:3      | Reached skill level 1 in Maces & Flails
   784 | D:3      | Reached skill level 1 in Staves
   784 | D:3      | Reached skill level 1 in Slings
   784 | D:3      | Reached skill level 1 in Bows
   784 | D:3      | Reached skill level 1 in Shields
   784 | D:3      | Reached skill level 1 in Unarmed Combat
   784 | D:3      | Reached skill level 1 in Spellcasting
   784 | D:3      | Reached skill level 1 in Invocations
   784 | D:3      | Reached skill level 1 in Evocations
   784 | D:3      | Reached XP level 4. HP: 25/38 MP: 3/5
   990 | D:2      | Reached skill level 1 in Conjurations
   990 | D:2      | Reached skill level 1 in Hexes
   990 | D:2      | Reached skill level 1 in Charms
   990 | D:2      | Reached skill level 1 in Summonings
   990 | D:2      | Reached skill level 1 in Necromancy
   990 | D:2      | Reached skill level 1 in Translocations
   990 | D:2      | Reached skill level 1 in Transmutations
   990 | D:2      | Reached skill level 1 in Fire Magic
   990 | D:2      | Reached skill level 1 in Ice Magic
   990 | D:2      | Reached skill level 1 in Air Magic
   990 | D:2      | Reached skill level 1 in Earth Magic
   990 | D:2      | Reached skill level 1 in Poison Magic
  1026 | D:3      | Noticed Ijyb
  1030 | D:3      | Blown up by Ijyb

Illustrated notes

Levels and vault maps discovered:
D:1:      mrwooster_arrival_statue, layout_rooms, minmay_misc_feat_rugged
D:2:      minmay_alternating_diamond, layout_basic, kennysheep_nub
D:3:      layout_basic, first_ration, uniq_ijyb

Skill      XL: |  1  2  3  4 |
---------------+-------------+-----
Short Blades   | 1 |  1.2
Long Blades    | 1 |  1.2
Axes           | 1 |  1.2
Maces & Flails | 1 |  1.2
Staves         | 1 |  1.2
Slings         | 1 |  1.2
Bows           | 1 |  1.2
Shields        | 1 |  1.2
Unarmed Combat | 1 |  1.2
Spellcasting   | 1 |  1.2
Invocations    | 1 |  1.4
Evocations     | 1 |  1.2
Conjurations   | 1 |  1.0
Hexes          | 1 |  1.0
Charms         | 1 |  1.0
Summonings     | 1 |  1.0
Necromancy     | 1 |  1.0
Translocations | 1 |  1.0
Transmutations | 1 |  1.0
Fire Magic     | 1 |  1.0
Ice Magic      | 1 |  1.0
Air Magic      | 1 |  1.0
Earth Magic    | 1 |  1.0
Poison Magic   | 1 |  1.0
Fighting       | |  4.7
Polearms       | |  2.8
Crossbows      | |  2.8
Throwing       | |  2.8
Armour         | |  4.7
Dodging        | |  2.8
Stealth        | |  4.3

Action                   |  1- 3 |  4- 6 || total
-------------------------+-------+-------++-------
Melee: Dagger            |    44 |       ||    44
       Bite              |     3 |       ||     3
 Fire: Hand crossbow     |    43 |    14 ||    57
  Use: Scroll            |     5 |       ||     5
Armor: Ring mail         |    23 |     4 ||    27
Dodge: Dodged            |    37 |     4 ||    41
